 Dungeon Crawl Stone Soup version 0.27-a0-291-gd9602db6ee (webtiles) character file.

Game seed: 12939315863653033387

3063 dolemite99 the Stickfighter (level 9, -4/68 HPs)
             Began as a Minotaur Gladiator on Feb 10, 2021.
             Was an Initiate of Gozag.
             Slain by a komodo dragon (23 damage)
             ... on level 8 of the Dungeon.
             The game lasted 00:09:23 (10142 turns).

dolemite99 the Stickfighter (Minotaur Gladiator)   Turns: 10142, Time: 00:09:23

Health: -4/68      AC: 12    Str: 23    XL:     9   Next: 57%
Magic:  8/8        EV:  9    Int:  6    God:    Gozag
Gold:   678        SH:  0    Dex: 11    Spells: 8/8 levels left

rFire    . . .     SeeInvis .   a - +0 quarterstaff
rCold    . . .     Faith    .   (shield currently unavailable)
rNeg     . . .     Spirit   .   C - +0 chain mail
rPois    .         Reflect  .   c - +0 hat
rElec    .         Harm     .   p - +0 cloak
rCorr    .         Rampage  .   A - +2 pair of gloves "Beaf" {Will+++ Int-5}
Will     +++..                  (no boots)
Stlth    ..........             (no amulet)
HPRegen  0.21/turn              J - +6 ring of intelligence
MPRegen  0.11/turn              (no ring)

@: no status effects
A: retaliatory headbutt, horns 2
a: Renounce Religion, Potion Petition, Call Merchant, Bribe Branch


You were on level 8 of the Dungeon.
You worshipped Gozag.
Gozag was pleased with you.
You visited 1 branch of the dungeon, and saw 8 of its levels.

You collected 763 gold pieces.
You paid 85 gold pieces to Gozag.

Inventory:

Hand Weapons
 a - a +0 quarterstaff (weapon)
 n - a +0 shortbow
 o - a +3 quarterstaff of chaos
 q - a +0 hunting sling
Missiles
 d - 4 throwing nets (quivered)
 f - 235 stones
 h - 60 sling bullets
 t - 76 bolts
 v - 81 arrows
 y - 11 poisoned darts
Armour
 c - a +0 hat (worn)
 e - a +0 ring mail
 p - a +0 cloak (worn)
 A - the +2 pair of gloves "Beaf" (worn) {Will+++ Int-5}
   (You found it on level 4 of the Dungeon)

   It affects your intelligence (-5).
   It affects your willpower, your defense against some magical effects.
 C - a +0 chain mail (worn)
Jewellery
 i - a cursed -4 ring of protection {unknown}
 J - a +6 ring of intelligence (left hand)
Wands
 j - a wand of polymorph (10)
 z - a wand of flame (18)
 B - a wand of digging (4)
 H - a wand of paralysis (11)
Scrolls
 k - 2 scrolls of fear
 m - 4 scrolls of teleportation
 r - 3 scrolls of remove curse {unknown}
 x - a scroll of amnesia {unknown}
 G - a scroll of brand weapon {unknown}
 I - a scroll of blinking {unknown}
Potions
 b - a potion of flight {unknown}
 g - a potion of attraction {unknown}
 l - 3 potions of curing
 s - 2 potions of mutation {unknown}
 u - a potion of lignification
 w - 2 potions of ambrosia {unknown}
 D - a potion of cancellation {unknown}
 E - a potion of might {unknown}
 F - 2 potions of degeneration {unknown}


   Skills:
 - Level 2.4 Fighting
 + Level 15.4 Staves
 - Level 2.0 Throwing
 - Level 3.2 Dodging


You had 8 spell levels left.
You didn't know any spells.
Your spell library contained the following spells:

 Spells                   Type           Power        Failure   Level
 Shock                    Conj/Air       0%           99%         1
 Swiftness                Air            0%           100%        2
 Confusing Touch          Hex            0%           100%        3
 Gell's Gravitas          Tloc           0%           100%        3
 Static Discharge         Conj/Air       0%           100%        3
 Airstrike                Air            0%           100%        4
 Petrify                  Tmut/Erth      0%           100%        4
 Lightning Bolt           Conj/Air       0%           100%        5
 Metabolic Englaciation   Hex/Ice        0%           100%        5
 Yara's Violent Unravell  Hex/Tmut       0%           100%        5


Dungeon Overview and Level Annotations

Branches:
Dungeon (8/15)             Temple (0/1) D:7
   Lair: D:8-11

Altars:
Gozag
Zin

Shops:
D:5 (

Annotations:
D:8 Pikel


Innate Abilities, Weirdness & Mutations

You reflexively headbutt those who attack you in melee.
You have a pair of horns on your head.


Message History

The komodo dragon bites you.
You hit the komodo dragon. You headbutt the komodo dragon!
The komodo dragon is heavily wounded.
You barely miss the komodo dragon. You headbutt the komodo dragon.
The komodo dragon is heavily wounded.
The komodo dragon bites you.
You sock the komodo dragon!
The komodo dragon is severely wounded.
The komodo dragon bites you but does no damage.
You hit the komodo dragon.
The komodo dragon is severely wounded.
You closely miss the komodo dragon. You headbutt the komodo dragon.
The komodo dragon is severely wounded.
The komodo dragon bites you!
* * * LOW HITPOINT WARNING * * *
You feel better. The komodo dragon bites you!!
* * * LOW HITPOINT WARNING * * *
You feel better. The komodo dragon bites you!!
You die...
Your body crumbles into a pile of gold.

.............
####............
≈≈#............
≈#............
#............
####............
#........$......
#.....l.........
##....<@.........
#........(......P
#......).....P...
#..................
.................PP.
#....##...........P...
...## #...............
... #######.###[..P ##
.. .P.


You could see a komodo dragon.

Vanquished Creatures
  A two-headed ogre (D:8)
  A water moccasin (D:7)
  An orc warrior (D:6)
  A black bear (D:8)
  3 necrophages
  A sky beast (D:6)
  2 centaurs
  An ogre (D:4)
  2 phantoms
  6 bullfrogs
  A wyvern zombie (D:8)
  3 scorpions
  A centaur zombie (D:5)
  A quasit (D:5)
  2 hounds (D:4)
  A jelly (D:5)
  Crazy Yiuf (D:2)
  A bullfrog skeleton (D:6)
  2 orc priests (D:4)
  Terence (D:2)
  4 orc wizards
  4 worker ants
  A hound skeleton (D:4)
  A gnoll (D:1)
  12 adders
  3 shadow imps
  A white imp (D:5)
  2 adder zombies (D:6)
  8 worms
  6 dart slugs
  7 leopard geckos
  25 orcs
  A ball python (D:2)
  9 bats
  8 giant cockroaches
  10 goblins
  10 hobgoblins
  8 jackals
  9 kobolds
  A quokka (D:3)
  6 frilled lizards
  2 quokka skeletons
  6 rats
177 creatures vanquished.

Vanquished Creatures (others)
  35 fungi (D:8)
  47 plants (D:8)
82 creatures vanquished.

Grand Total: 259 creatures vanquished

Notes
Turn   | Place    | Note
-------+----------+-------------------------------------------
     0 | D:1      | dolemite99 the Minotaur Gladiator began the quest for the
                  | Orb.
     0 | D:1      | Reached XP level 1. HP: 18/18 MP: 0/0
   215 | D:1      | Reached skill level 4 in Staves
   417 | D:1      | Reached XP level 2. HP: 22/25 MP: 1/1
   684 | D:1      | Reached skill level 5 in Staves
   820 | D:1      | Reached XP level 3. HP: 30/30 MP: 2/2
  1046 | D:2      | Noticed Terence
  1055 | D:2      | Killed Terence
  1056 | D:2      | Reached skill level 6 in Staves
  1056 | D:2      | Reached XP level 4. HP: 37/37 MP: 3/3
  1614 | D:2      | Reached XP level 5. HP: 38/42 MP: 4/4
  1636 | D:2      | Reached skill level 7 in Staves
  1882 | D:2      | Found a runed translucent door.
  1883 | D:2      | Noticed Crazy Yiuf
  1890 | D:2      | Killed Crazy Yiuf
  2303 | D:3      | Found a faded altar of an unknown god.
  3288 | D:3      | Reached skill level 8 in Staves
  3530 | D:4      | Noticed an ogre
  3536 | D:4      | Killed an ogre
  3537 | D:4      | Reached XP level 6. HP: 40/50 MP: 5/5
  4063 | D:4      | Reached skill level 9 in Staves
  4465 | D:4      | Reached XP level 7. HP: 52/56 MP: 6/6
  4677 | D:4      | Got a pair of ancient gloves
  4683 | D:4      | Identified the +2 pair of gloves "Beaf" {Will+++ Int-5}
                  | (You found it on level 4 of the Dungeon)
  4683 | D:4      | Lost intelligence.
  4924 | D:4      | Reached skill level 10 in Staves
  5411 | D:5      | Entered Level 5 of the Dungeon
  5456 | D:5      | Found Afuipto's Weapon Boutique.
  6023 | D:5      | Found an opulent altar of Gozag.
  6120 | D:5      | Became a worshipper of Gozag Ym Sagoz the Greedy
  6131 | D:5      | Found a glowing silver altar of Zin.
  6313 | D:5      | Reached skill level 11 in Staves
  7145 | D:6      | Reached XP level 8. HP: 47/62 MP: 7/7
  7668 | D:6      | Reached skill level 12 in Staves
  8089 | D:6      | Reached skill level 13 in Staves
  8780 | D:7      | Found a staircase to the Ecumenical Temple.
  9524 | D:8      | Noticed a two-headed ogre
  9526 | D:8      | Reached XP level 9. HP: 60/68 MP: 8/8
  9538 | D:7      | Reached skill level 14 in Staves
 10001 | D:8      | Killed a two-headed ogre
 10002 | D:8      | Reached skill level 15 in Staves
 10086 | D:8      | Noticed Pikel
 10124 | D:8      | Noticed a komodo dragon
 10142 | D:8      | Slain by a komodo dragon

Illustrated notes

Levels and vault maps discovered:
D:1:      dpeg_arrival_snail, layout_basic
D:2:      layout_rooms, uniq_terence, uniq_crazy_yiuf_cottage
D:3:      minmay_chambers_of_threes, layout_loops_cross,
          chequers_ecumenical_altar_simple_redux, feat_on_display
D:4:      layout_layer_cave
D:5:      layout_rooms, nicolae_overflow_crystal_walls, serial_shops, shop,
          basic_altar, kennysheep_boxes
D:6:      layout_basic
D:7:      layout_cave_pools, minmay_temple_entry_offerings
D:8:      layout_rooms, due_lair_maze_entry_diamond,
          gammafunk_ghost_wrathful_warriors, serial_aquarium,
          aquarium_bridge_island_small [aquarium_subvault_small_open,
          aquarium_subvault_wall, aquarium_subvault_window,
          aquarium_subvault_bridge, aquarium_subvault_bridge],
          aquarium_window_fake, aquarium_window_1, aquarium_window_fake,
          aquarium_view_2f, aquarium_view_2c, aquarium_pool_side,
          chequers_ossuary_entry_cave, uniq_pikel

Skill      XL: |  1  2  3  4  5  6  7  8  9 |
---------------+----------------------------+-----
Staves         | 4 5 6 8 9 11 13 15 | 15.4
Fighting       | |  2.4
Throwing       | |  2.0
Dodging        | |  3.2

Action                   |  1- 3 |  4- 6 |  7- 9 || total
-------------------------+-------+-------+-------++-------
Melee: Quarterstaff      |    56 |   172 |   263 ||   491
       Headbutt          |     5 |    26 |    39 ||    70
Throw: Throwing net      |     1 |       |       ||     1
  Use: Scroll            |       |     3 |     4 ||     7
       Potion            |       |     1 |     4 ||     5
 Stab: Held in net/web   |     1 |       |       ||     1
Armor: Ring mail         |    18 |    48 |     1 ||    67
       Chain mail        |       |       |   101 ||   101
       Skin              |       |       |    14 ||    14
Dodge: Dodged            |    44 |   110 |    77 ||   231

Table legend: (Time is in decaauts)
 A = Elapsed time spent in this place.
 B = Non-inter-level travel time spent in this place.
 C = Inter-level travel time spent in this place.
 D = Time resting spent in this place.
 E = Time spent auto-exploring this place.
 F = Levels seen in this place.
 G = Mean time per level.
                   A        B        C        D        E       F      G
               +--------+--------+--------+--------+--------+-----+--------+
         Total |  10071 |   9751 |    320 |   3978 |   4261 |   8 | 1258.9 |
       Dungeon |  10071 |   9751 |    320 |   3978 |   4261 |   8 | 1258.9 |
               +--------+--------+--------+--------+--------+-----+--------+

Top non-repeatable levels by time:
     D:4: 1935 daAuts
     D:6: 1880 daAuts
     D:7: 1428 daAuts
     D:1: 1391 daAuts
     D:3: 1232 daAuts
     D:5: 1150 daAuts
     D:2: 853 daAuts
     D:8: 198 daAuts
